 Dungeon Crawl Stone Soup version 0.17.1-2-g5865329 (webtiles) character file.

1140631 Miyamura the Meteorologist (level 27, 263/287 HPs)
             Began as a Demonspawn Ice Elementalist on Feb 9, 2016.
             Was the Champion of Cheibriados.
             Drowned
             ... in Pandemonium on Feb 12, 2016.
             The game lasted 08:40:15 (97426 turns).

Miyamura the Meteorologist (DsIE)                  Turns: 97426, Time: 08:40:15

Health: 263/287    AC: 32    Str: 30    XL:     27
Magic:  32/48      EV: 28    Int: 47    God:    Cheibriados [******]
Gold:   5567       SH: 24    Dex: 29    Spells: 11 memorised, 5 levels left

rFire  + + .     SeeInvis +     I - +11 spear "Miyamura's Curse" {drain, rElec rF+}
rCold  + . .     Clarity  +     F - +5 robe of vines {NoDeviceHeal Regen+10}
rNeg   . . .     SustAt   .     l - +4 shield {reflect}
rPois  .         Gourm    .     (helmet unavailable)
rElec  +         Spirit   .     M - +2 cloak of the Lies {rCorr Dex-2 Slay+3}
rCorr  +         Warding  .     L - +2 pair of gloves {Str+3}
rMut   +         Stasis   .     n - +2 pair of boots
MR     +++..                    z - amulet "Uvolokyph" {rMut MR+ Slay+2}
Stlth  ++........               w - ring of Zeotux {rElec rF+ Slay+3 SInv Stlth-}
                                d - ring "Lyomesh Ohua" {Wiz Str+4 Slay+2 Stlth+}

@: studying Shields, deflect missiles, very slow, extremely resistant to hostile
enchantments, unstealthy
A: antennae 3, hooves 1, rugged brown scales 3, agile 1, clarity, clever 1, cold
resistance 1, icemail, sense surroundings 1, powered by death 3, regeneration 1,
robust 3, spit poison 2, wild magic 1, evolution 1, freezing cloud immunity
a: Spit Poison, Bend Time, Temporal Distortion, Slouch, Step From Time, Renounce
Religion
}: 8/15 runes: decaying, serpentine, slimy, silver, demonic, glowing, fiery,
dark


You were in Pandemonium.
You worshipped Cheibriados.
Cheibriados was exalted by your worship.
You were not hungry.

You visited 12 branches of the dungeon, and saw 62 of its levels.
You visited Pandemonium 1 time, and saw 29 of its levels.
You visited the Abyss 3 times.
You visited 1 bazaar.
You completed 1 ziggurat, and saw 27 of its levels.
You also visited: Trove, Ossuary, Ice Cave and Volcano.

You collected 13350 gold pieces.
You spent 7783 gold pieces at shops.

Inventory:

Hand Weapons
 I - the +11 spear "Miyamura's Curse" (weapon) {drain, rElec rF+}
   (You took it off a warmonger in Pandemonium)

   A truly terrible weapon, it drains the life of those it strikes.
   It protects you from fire.
   It insulates you from electricity.
 S - the +10 double sword of Sackasaesi {elec, +Blink rN+}
   (You found it on level 22 of a ziggurat)

   Occasionally, upon striking a foe, it will discharge some electrical energy
   and cause terrible harm.
   It protects you from negative energy.
   It lets you blink.
Armour
 l - a +4 shield of reflection (worn)
 n - a +2 pair of boots (worn)
 F - the +5 robe of vines (worn) {NoDeviceHeal Regen+10}
   (You found it on level 9 of the Dungeon)

   It increases your rate of regeneration.
 L - a +2 pair of gloves of strength (worn)
 M - the +2 cloak of the Lies (worn) {rCorr Dex-2 Slay+3}
   (You bought it in a shop in a bazaar)

   It affects your dexterity (-2).
   It affects your accuracy and damage with ranged weapons and melee attacks
   (+3).
   It protects you from acid and corrosion.
 Q - a +2 large shield of reflection
Jewellery
 d - the ring "Lyomesh Ohua" (left hand) {Wiz Str+4 Slay+2 Stlth+}
   (You found it in a treasure trove)

   [ring of wizardry]

   It improves your spell success rate.
   It affects your strength (+4).
   It affects your accuracy and damage with ranged weapons and melee attacks
   (+2).
   It makes you more stealthy.
 w - the ring of Zeotux (right hand) {rElec rF+ Slay+3 SInv Stlth-}
   (You found it on level 4 of a ziggurat)

   [ring of protection from fire]

   It affects your accuracy and damage with ranged weapons and melee attacks
   (+3).
   It protects you from fire.
   It insulates you from electricity.
   It lets you see invisible.
   It makes you less stealthy.
 z - the amulet "Uvolokyph" (around neck) {rMut MR+ Slay+2}
   (You bought it in a shop on level 8 of the Dungeon)

   [amulet of resist mutation]

   It protects you from mutation.
   It affects your accuracy and damage with ranged weapons and melee attacks
   (+2).
   It affects your resistance to hostile enchantments.
 B - the ring "Soqyhy" {+Fly rElec Str+3}
   (You bought it in a shop on level 2 of the Snake Pit)

   [ring of strength]

   It affects your strength (+3).
   It insulates you from electricity.
   It lets you fly.
Wands
 h - a wand of teleportation (5)
 v - a wand of heal wounds (4)
 E - a wand of digging (4)
Scrolls
 f - 25 scrolls of teleportation
 g - 9 scrolls of identify
 i - 15 scrolls of magic mapping
 p - 10 scrolls of immolation
 x - a scroll of enchant armour
 y - 18 scrolls of fog
 A - 12 scrolls of enchant weapon
 C - 36 scrolls of remove curse
 G - 15 scrolls of fear
 H - 17 scrolls of recharging
 K - 14 scrolls of amnesia
 P - a scroll of summoning
 T - 11 scrolls of blinking
Potions
 a - 9 potions of might
 e - 18 potions of brilliance
 k - 15 potions of lignification
 m - 5 potions of flight
 q - 13 potions of heal wounds
 s - 4 potions of resistance
 J - 14 potions of curing
 R - 17 potions of cure mutation {!q}
 W - a potion of magic
 Y - 5 potions of agility
Books
 t - an Akashic Record

   Spells                             Type                      Level
   a - Dispersal                      Translocation                6
   b - Malign Gateway                 Summoning/Translocation      7
   c - Disjunction                    Translocation                8
   d - Controlled Blink               Translocation                8
 V - a manual of Shields
Miscellaneous
 b - 5 phantom mirrors
 j - a sack of spiders
 o - a lamp of fire
 u - a crystal ball of energy
 D - a disc of storms
 N - an ornate deck of wonders {the Alchemist, drawn: 1}
 O - an ornate deck of summoning {the Crusade}
 X - a fan of gales
 Z - a phial of floods
Comestibles
 c - 34 bread rations


   Skills:
 - Level 15.8 Fighting
   Level 12.8(16.0) Short Blades
 - Level 16.0(17.5) Long Blades
 - Level 14.3 Polearms
 - Level 16.2 Armour
 - Level 13.0 Dodging
 - Level 4.0 Stealth
 + Level 23.4 Shields
 - Level 3.6 Unarmed Combat
 - Level 21.0 Spellcasting
 - Level 22.4 Conjurations
 - Level 2.4 Charms
 - Level 4.3 Summonings
 - Level 18.8 Necromancy
 - Level 15.6 Transmutations
 - Level 21.0 Ice Magic
 O Level 27 Air Magic
 - Level 4.1 Earth Magic
 - Level 12.0 Invocations
 - Level 19.6 Evocations


You had 5 spell levels left.
You knew the following spells:

 Your Spells              Type           Power        Failure   Level  Hunger
a - Ozocubu's Armour      Chrm/Ice       ########     1%          3    None
b - Blink                 Tloc           N/A          1%          2    None
c - Condensation Shield   Ice            #########.   1%          4    None
e - Dispel Undead         Necr           ########     1%          5    None
f - Freezing Cloud        Conj/Ice/Air   #########.   1%          6    None
g - Glaciate              Conj/Ice       #########.   5%          9    #......
n - Necromutation         Trmt/Necr      ########..   2%          8    None
s - Statue Form           Trmt/Erth      ########.    1%          6    None
t - Tornado               Air            #########.   1%          9    #......
A - Aura of Abjuration    Summ           #######...   1%          5    None
D - Deflect Missiles      Chrm/Air       ########..   1%          6    None


Dungeon Overview and Level Annotations

Branches:
Dungeon (15/15)            Temple (1/1) D:6            Lair (8/8) D:11
  Swamp (4/4) Lair:3        Snake (4/4) Lair:5        Slime (6/6) Lair:8
    Orc (4/4) D:10            Elf (3/3) Orc:4        Vaults (5/5) D:13
  Crypt (3/3) Vaults:3       Tomb (0/3) Crypt:3      Depths (5/5) D:15
    Zot (4/5) Depths:5

Altars:
Cheibriados
Dithmenos
Elyvilon
Fedhas
Gozag
Kikubaaqudgha
Makhleb
Nemelex Xobeh
Okawaru
Qazlal
Ru
Sif Muna
Trog
Vehumet
Xom
Yredelemnul
Zin
The Shining One
Beogh
Jiyva

Shops:
D:8 [??=?   D:9 :   D:11 }   D:12 (   Orc:3 %   Orc:4 (}[[=[*   Elf:1 *
Elf:3 (   Snake:2 =   Vaults:4 (

Portals:
Hell: Depths:1 Depths:2 Depths:3 Depths:4 Depths:5
Abyss: Depths:4
Pandemonium: Depths:3 Depths:5

Annotations:
Pan Lom Lobon


Innate Abilities, Weirdness & Mutations

You have a pair of large antennae on your head (SInv).
You are completely covered in rugged brown scales (AC +3, +7% HP).
Your flesh is cold resistant.
A meltable icy envelope protects you from harm (AC +10).
You regenerate a lot of health from kills.
You are extremely robust (+30% HP).
You are immune to freezing clouds.
You have large cloven feet.
You are agile. (Dex +2)
You possess an exceptional clarity of mind.
Your mind is acute. (Int +2)
You passively map a small area around you.
Your natural rate of healing is unusually fast.
You can spit poison.
Your spells are a little harder to cast, but a little more powerful.
You evolve.


Message History

Lom Lobon conjures a mighty blast of ice!
The great icy blast engulfs you! You partially resist.
You are encased in ice.
A draconian annihilator and a hellwing come into view.
Unknown command.
Unknown command.
Unknown command.
Unknown command.
The hellwing gives a chilling moan.
You kill the hellwing!
Cheibriados appreciates the change of pace.
You hear a roar! x2
Unknown command.
Unknown command.
You feel yourself come back to life. The ice encasing you melts away.
The winds around you start to calm down.
You float gracefully downwards.
You fall into the water!
You sink like a stone!
You drown...
You die...

#§§..§.§§§§§+ , ,
#.§§&§§§§§§§#{, *
#§§.§§§§§§§.##, ,
##.§§§§§{§§..# *
*≈ #§.§§§§§§§....#
*
##.§§§§§§§...###≈≈
, ##§§§§§§§..##≈#
≈ ≈≈ ###§§§§§###§#
≈ ** ≈ ##§§§##§@§#
≈§§§§§§§##≈
§.§§§§§## * , ,
.≈§§§§##≈ * ,
.≈§§§##≈ * ≈≈§§##
** ≈≈≈# , ≈##* ≈ *


There were no monsters in sight!

Vanquished Creatures
  Cerebov (Pan)
  the royal jelly (Slime:6)
  Dissolution (Slime:3)
  Gloorx Vloq (Pan)
  A seraph (Pan)
  Mnoleg (Pan)
  15 pandemonium lords
  9 ancient liches
  Mara (Depths:1)
  Mennas (Vaults:3)
  A juggernaut (Depths:5)
  Boris (twice) (Vaults:2 Depths:3)
  the Lernaean hydra (Swamp:4)
  Norris (Depths:3)
  Vashnia (Snake:4)
  A curse toe (Zot:1)
  14 caustic shrikes
  10 golden dragons
  2 profane servitors
  Jory (Vaults:4)
  the Enchantress (Depths:3)
  2 pearl dragons (Pan)
  10 bone dragons
  10 electric golems
  Jorgrun (Elf:2)
  7 Brimstone Fiends
  A hellephant (Zig:18)
  11 Hell Sentinels
  Rupert (D:15)
  11 tentacled monstrosities
  15 Ice Fiends
  Asterion (Depths:3)
  8 Shadow Fiends
  3 quicksilver dragons
  8 deep elf blademasters
  An acid blob (shapeshifter) (Vaults:5)
  41 acid blobs
  9 deep elf master archers
  20 titans
  12 ancient champions
  5 death cobs
  13 liches
  4 sphinxes
  2 eldritch tentacles
  Gastronok (Orc:1)
  12 octopode crushers
  28 Executioners (Pan)
  14 tengu reavers
  5 tentacled starspawn (Abyss:1)
  Frances (D:11)
  67 greater nagas
  Kirke (D:12)
  5 shadow dragons
  27 storm dragons
  7 blood saints
  7 draconian monks
  Roxanne (Elf:1)
  24 azure jellies
  12 revenants
  21 daevas (Pan)
  Wiglaf (Depths:2)
  A thorn hunter (Swamp:1)
  3 iron dragons
  10 draconian knights
  31 balrugs
  13 draconian scorchers
  16 black suns (Pan)
  8 draconian zealots
  10 orc warlords
  13 deep elf sorcerers
  7 fire giants
  14 curse skulls
  4 draconian shifters
  17 warmongers (Pan)
  18 frost giants
  22 vault wardens
  33 angels (Pan)
  13 ghost moths
  6 spriggan defenders (Depths:3)
  22 cacodemons
  20 vampire knights
  3 emperor scorpions (Zig:25)
  4 ghouls (Crypt:1)
  19 reapers
  34 stone giants
  5 draconian annihilators
  34 very ugly things
  10 war gargoyles
  20 ironheart preservers
  4 draconian callers
  201 slime creatures
  12 ophanim (Pan)
  Nessos (D:12)
  31 apis (Pan)
  14 black draconians
  14 green draconians
  10 deep elf annihilators
  22 yellow draconians
  9 chaos champions
  16 mottled draconians
  Azrael (D:13)
  13 corrupters
  4 salamander stormcallers
  22 deep elf demonologists
  6 white draconians
  10 dire elephants
  6 red draconians
  9 ettins
  7 purple draconians
  17 lorocyprocas (Pan)
  33 vault guards
  4 crystal guardians
  15 blizzard demons
  Snorg (Lair:6)
  18 deep elf death magi
  10 eidola
  8 merfolk javelineers
  7 green deaths (Pan)
  23 fire dragons
  5 jiangshi
  18 yaktaur captains
  10 death oozes
  12 deep elf high priests
  A quicksilver dragon zombie (Crypt:1)
  Josephine (Lair:6)
  5 entropy weavers
  10 merfolk impalers
  A great orb of eyes (shapeshifter) (Vaults:5)
  The ghost of Tomstefer the Severer, a journeyman MiFi of Okawaru (D:12)
  7 hell beasts (Pan)
  A ghost crab (Swamp:3)
  A quicksilver dragon skeleton (Crypt:3)
  32 naga warriors
  19 great orbs of eyes
  15 spriggan air magi
  35 hydras
  24 ice dragons
  10 rakshasas
  19 anacondas
  16 catoblepae
  20 monstrous demonspawn (Pan)
  9 death knights
  15 centaur warriors
  2 satyrs (Zig:26)
  2 alligator snapping turtles (Zig:26)
  23 dancing weapons
  3 merfolk aquamancers (Zig:26)
  14 ogre magi
  11 vampire magi
  3 tengu warriors
  2 titan zombies
  7 deep troll earth magi
  26 naga sharpshooters
  7 thrashing horrors (Abyss:1)
  10 deep troll shamans
  12 alligators
  10 orc high priests
  A shock serpent (shapeshifter) (Vaults:5)
  12 spriggan berserkers
  37 deep elf knights
  25 shock serpents
  20 death yaks
  37 hell knights
  42 soul eaters
  2 fire crabs
  2 storm dragon zombies (Crypt:1)
  14 shadow wraiths
  65 sun demons
  4 wretched stars (Abyss:1)
  9 sea snakes
  30 skeletal warriors
  4 iron trolls
  6 salamander mystics
  20 cherubim (Pan)
  4 unseen horrors
  A titan skeleton (Depths:2)
  76 large abominations
  A spatial maelstrom (Abyss:1)
  4 spriggan druids
  5 giant orange brains
  2 storm dragon skeletons
  18 gelid demonspawn
  15 swamp dragons
  22 shadow demons
  23 deep trolls
  23 ice devils
  20 infernal demonspawn (Pan)
  A swamp dragon (shapeshifter) (Vaults:5)
  8 hill giants
  23 deep elf summoners
  18 orc knights
  3 lindwurms
  An anaconda skeleton (Pan)
  9 flayed ghosts
  25 ironbrand convokers
  16 torturous demonspawn (Pan)
  3 shambling mangroves
  11 naga ritualists
  12 wolf spiders
  17 necromancers
  14 putrid demonspawn (Pan)
  2 wizards (D:13)
  An iron dragon zombie (Crypt:2)
  10 orc sorcerers
  13 phantasmal warriors
  10 orb spiders (Zig:25)
  32 deep elf conjurers
  10 oklob plants
  33 harpies
  A fire giant zombie (Crypt:1)
  16 salamanders
  65 ugly things
  12 griffons
  11 mana vipers
  An orb spider (shapeshifter) (Vaults:5)
  11 shining eyes
  2 stone giant zombies
  7 manticores
  A griffon (shapeshifter) (Zig:16)
  5 sirens
  A frost giant zombie (Crypt:3)
  A worldbinder (Abyss:1)
  13 hornets
  A shadow dragon skeleton (Crypt:1)
  26 moths of wrath
  10 cyclopes
  13 elephants
  10 water nymphs
  21 sixfirhies (Pan)
  An elephant (shapeshifter) (Vaults:5)
  23 guardian serpents
  4 eyes of devastation
  2 stone giant skeletons
  A centaur zombie (D:11)
  A frost giant skeleton (Crypt:1)
  2 spiny frogs (shapeshifter) (Vaults:5)
  3 ice statues
  38 spiny frogs
  35 naga magi
  5 torpor snails (Lair:8)
  6 rust devils
  2 gargoyles
  56 black mambas
  A redback zombie (D:15)
  An alligator snapping turtle zombie (Crypt:2)
  19 vault sentinels
  A grey draconian zombie (Crypt:2)
  A dire elephant skeleton (Crypt:3)
  6 efreet
  A shock serpent skeleton (Crypt:1)
  3 kobold demonologists
  19 orange demons (Pan)
  6 fire drakes
  23 demonic crawlers
  11 freezing wraiths
  14 hellwings
  2 guardian mummies (Zig:1)
  19 komodo dragons
  A queen bee (Lair:5)
  22 smoke demons
  3 fire drakes (shapeshifter)
  10 tormentors (Pan)
  13 jumping spiders
  2 polar bears (Lair:5)
  66 yaktaurs
  38 merfolk
  4 tengu conjurers
  12 trolls
  3 ancient zymes (Abyss:1)
  9 hellions (Pan)
  40 red devils
  A catoblepas skeleton (Abyss:1)
  A hydra zombie (Crypt:1)
  27 deep elf priests
  2 komodo dragons (shapeshifter)
  A troll (shapeshifter) (Zig:16)
  40 blink frogs
  A polar bear (shapeshifter) (Depths:3)
  12 blue devils
  Grinder (D:6)
  11 giant leeches
  3 hydra skeletons
  A wind drake (Zig:26)
  25 two-headed ogres
  13 small abominations
  An ushabti (Zig:1)
  8 bog bodies
  6 snapping turtles (Zig:26)
  A fire dragon zombie (Crypt:3)
  11 trapdoor spiders
  4 ice dragon zombies
  6 boulder beetles
  17 raiju
  A boulder beetle (shapeshifter) (Vaults:2)
  3 human simulacra
  39 flying skulls
  2 spriggans (shapeshifter)
  23 spriggans
  30 ynoxinuls
  18 redbacks
  A yak (shapeshifter) (Elf:2)
  14 water elementals
  Sigmund (D:3)
  3 ettin skeletons
  2 fire dragon skeletons
  4 wyverns
  An alligator skeleton (Pan)
  22 starcursed masses (Abyss:1)
  10 tarantellas
  A wolf (shapeshifter) (Elf:1)
  2 golden eyes (shapeshifter)
  12 air elementals
  30 chaos spawn
  6 hogs (D:12)
  28 hippogriffs
  An ice dragon skeleton (Pan)
  9 vampires
  Eustachio (D:6)
  3 steam dragons (Lair:8)
  52 deep elf magi
  3 hippogriffs (shapeshifter)
  2 hungry ghosts
  6 shadows
  52 deep elf fighters
  A fire bat (Abyss:1)
  71 yaks
  15 wraiths
  7 basilisks
  A hog (shapeshifter) (D:11)
  31 vampire mosquitoes
  10 wargs
  23 swamp worms
  7 golden eyes
  51 neqoxecs
  7 mottled dragons
  A spiny frog zombie (Abyss:1)
  13 wolves
  4 fire elementals (D:13)
  61 nagas
  31 water moccasins
  30 insubstantial wisps
  A soldier ant (shapeshifter) (Vaults:3)
  4 hell hounds
  An orb spider zombie (Crypt:1)
  10 ice beasts
  An ice beast (shapeshifter) (Zig:23)
  A spiny frog skeleton (Crypt:2)
  A sky beast (shapeshifter) (Vaults:5)
  Purgy (D:3)
  2 snapping turtle zombies
  A swamp dragon zombie (Crypt:3)
  13 swamp drakes
  A spider (shapeshifter) (Depths:2)
  5 black bears
  19 porcupines
  15 boggarts
  4 necrophages
  55 orc warriors
  7 sky beasts
  3 spiders (Zig:25)
  37 wasps
  2 snapping turtle skeletons (Pan)
  60 ogres
  11 eyes of draining
  33 centaurs
  34 crocodiles
  A big kobold (D:11)
  5 brain worms (Lair:8)
  24 giant frogs
  A komodo dragon skeleton (Crypt:1)
  A water moccasin zombie (D:10)
  2 wyvern skeletons (D:11)
  A cyclops skeleton (Crypt:1)
  5 scorpions
  A scorpion (shapeshifter) (Depths:3)
  A yak zombie (Crypt:2)
  A raiju zombie (Crypt:2)
  37 killer bees
  A yak skeleton (Crypt:1)
  2 spriggan skeletons
  15 crimson imps
  7 hounds
  15 wights
  23 orc priests
  A wasp zombie (D:14)
  An electric eel (Lair:5)
  84 jellies
  A quasit (Abyss:1)
  3 giant frog zombies
  A human zombie (Ossuary)
  Crazy Yiuf (D:3)
  8 centaur skeletons
  18 iguanas
  An iron imp (Abyss:1)
  2 giant frog skeletons
  3 human skeletons
  38 orc wizards
  7 hell rats (Lair:5)
  14 worker ants
  A killer bee zombie (D:9)
  A lightning spire (Zig:24)
  A dwarf zombie (Crypt:1)
  14 sheep
  A demigod zombie (Crypt:2)
  A mottled dragon skeleton (Crypt:1)
  2 hound skeletons
  2 hound zombies (Ossuary)
  5 mummies
  A worker ant zombie (D:9)
  4 gnolls (D:8)
  72 river rats
  16 adders
  6 shadow imps
  10 white imps
  8 ufetubi (IceCv)
  2 oozes
  A lava snake zombie (Crypt:2)
  An adder zombie (D:7)
  A sheep skeleton (Crypt:2)
  19 worms
  4 giant geckos
  266 orcs
  A ball python (D:4)
  18 giant cockroaches
  2 gnoll zombies (Ossuary)
  9 goblins
  13 hobgoblins
  13 jackals
  14 kobolds
  7 quokkas
  12 bats
  9 giant newts
  A jackal zombie (Ossuary)
  2 kobold zombies (Ossuary)
  A quokka zombie (D:6)
  35 rats
  10 blocks of ice (Pan)
  14 crawling corpses
  8 fire vortices (Pan)
  4 fungi
  2 lost souls (Crypt:3)
  A lurking horror (Abyss:1)
  4 plants
  5 starspawn tentacles (Abyss:1)
5658 creatures vanquished.

Vanquished Creatures (collateral kills)
  A hydra (Lair:1)
  A spiny frog (Lair:1)
  An ice beast (D:4)
  A giant frog (Lair:1)
  An iguana (Lair:1)
  2 hobgoblin zombies (Ossuary)
  2 jackal zombies (Ossuary)
9 creatures vanquished.

Vanquished Creatures (others)
  2 deep elf blademasters (Zig:23)
  An eldritch tentacle (Zig:21)
  A warmonger (Pan)
  A shadow dragon (Zot:3)
  A cacodemon (Pan)
  A ghost moth (Zig:25)
  An ironheart preserver (Vaults:1)
  A reaper (Pan)
  2 ice dragons
  A naga warrior (Snake:4)
  2 entropy weavers (Zig:25)
  A centaur warrior (Vaults:1)
  2 ogre magi
  A shock serpent (Zig:22)
  A sun demon (Pan)
  An iron troll (Zig:8)
  A giant orange brain (Depths:1)
  A deep troll (Depths:5)
  A cherub (Pan)
  A necromancer (Depths:4)
  2 harpies (Zig:26)
  A deep elf conjurer (Zig:23)
  A manticore (Zig:26)
  A hornet (Zig:25)
  A wolf spider (Zig:25)
  2 guardian serpents (Snake:4)
  A spiny frog (Lair:8)
  2 naga magi
  An orange demon (Pan)
  2 smoke demons (Pan)
  A yaktaur (Depths:2)
  A hellwing (Pan)
  A jumping spider (Depths:1)
  2 raiju (Abyss:1)
  A blink frog (Slime:1)
  A deep elf mage (Zig:23)
  A water elemental (Depths:1)
  A chaos spawn (Pan)
  A deep elf fighter (Vaults:5)
  A neqoxec (Pan)
  2 swamp worms (Swamp:4)
  A swamp drake (Swamp:3)
  A wasp (Swamp:2)
  3 ogres (Depths:1)
  2 centaurs
  A crocodile (Lair:8)
  A sheep (Zig:24)
  A white imp (IceCv)
  An orc (Orc:1)
  26 blocks of ice (Pan)
  123 eldritch tentacle segments
  28 fungi
  7 lost souls
  37 plants
  11 starspawn tentacles (Abyss:1)
  25 starspawn tentacle segments (Abyss:1)
319 creatures vanquished.

Grand Total: 5986 creatures vanquished

Notes
Turn   | Place    | Note
--------------------------------------------------------------
     0 | D:1      | Miyamura the Demonspawn Ice Elementalist began the quest for the Orb.
     0 | D:1      | Reached XP level 1. HP: 13/13 MP: 3/3
   365 | D:1      | Gained mutation: You have a pair of small antennae on your head. [demonic ancestry]
   365 | D:1      | Reached XP level 2. HP: 19/19 MP: 3/5
  1127 | D:1      | You fall through a shaft!
  1314 | D:2      | Reached skill level 3 in Ice Magic
  1314 | D:2      | Reached XP level 3. HP: 17/25 MP: 1/6
  1805 | D:1      | Learned a level 3 spell: Ozocubu's Armour
  2884 | D:2      | Found a radiant altar of Vehumet.
  2884 | D:2      | Found a burning altar of Makhleb.
  3112 | D:2      | Gained mutation: You are partially covered in rugged brown scales (AC +1, +3% HP). [demonic ancestry]
  3112 | D:2      | Reached XP level 4. HP: 22/31 MP: 3/7
  3365 | D:2      | Learned a level 4 spell: Condensation Shield
  4050 | D:3      | Noticed Sigmund
  4144 | D:3      | Reached skill level 1 in Unarmed Combat
  4938 | D:3      | Killed Sigmund
  4938 | D:3      | Reached skill level 1 in Fighting
  4938 | D:3      | Gained mutation: You are mostly covered in rugged brown scales (AC +2, +5% HP). [demonic ancestry]
  4938 | D:3      | Reached XP level 5. HP: 19/39 MP: 2/9
  4938 | D:3      | Gained mutation: You have a pair of antennae on your head. [demonic ancestry]
  4938 | D:3      | Reached XP level 6. HP: 22/46 MP: 2/10
  5146 | D:3      | Noticed Purgy
  5169 | D:3      | Killed Purgy
  5924 | D:3      | Noticed Crazy Yiuf
  5935 | D:3      | Killed Crazy Yiuf
  6477 | D:4      | Reached XP level 7. HP: 51/53 MP: 2/12
  6686 | D:4      | Learned a level 4 spell: Summon Ice Beast
  6961 | D:4      | Found a bloodstained altar of Trog.
  7189 | D:4      | Found a shadowy altar of Dithmenos.
  7777 | D:5      | Entered Level 5 of the Dungeon
  8084 | D:4      | Reached skill level 4 in Ice Magic
  8677 | D:5      | Found a sacrificial altar of Ru.
  8933 | D:5      | Gained mutation: You regenerate a little health from kills. [demonic ancestry]
  8933 | D:5      | Reached XP level 8. HP: 14/60 MP: 1/13
 10156 | D:6      | Noticed Eustachio
 10183 | D:6      | Reached skill level 1 in Summonings
 10183 | D:6      | Reached skill level 5 in Ice Magic
 10538 | D:6      | Found a sand-covered staircase.
 10551 | Ossuary  | Entered an ossuary
 10620 | Ossuary  | Reached skill level 6 in Ice Magic
 11031 | Ossuary  | Gained mutation: You have a pair of large antennae on your head (SInv). [potion of beneficial mutation]
 11042 | Ossuary  | Gained mutation: You can spit weak poison. [potion of beneficial mutation]
 11131 | D:6      | Noticed Grinder
 11166 | D:6      | Paralysed by Grinder for 3 turns
 11173 | D:6      | Killed Grinder
 11173 | D:6      | Reached XP level 9. HP: 57/68 MP: 6/15
 11276 | D:6      | Killed Eustachio
 11478 | D:6      | Found a staircase to the Ecumenical Temple.
 11483 | Temple   | Entered the Ecumenical Temple
 11651 | Temple   | Became a worshipper of Cheibriados the Contemplative
 12065 | D:7      | Reached skill level 1 in Short Blades
 12111 | D:8      | Found Yseugan's Jewellery Shoppe.
 12140 | D:8      | Bought a cursed amulet of inaccuracy for 26 gold pieces
 12159 | D:8      | Found Foneoloc's Magic Scroll Boutique.
 12162 | D:8      | Bought a scroll of immolation for 49 gold pieces
 12162 | D:8      | Bought a scroll of identify for 28 gold pieces
 12162 | D:8      | Bought a scroll of fear for 49 gold pieces
 12162 | D:8      | Bought a scroll of recharging for 133 gold pieces
 12162 | D:8      | Bought 3 scrolls of remove curse for 126 gold pieces
 12263 | D:8      | Gained mutation: You are robust (+10% HP). [potion of mutation]
 12263 | D:8      | Gained mutation: Your body sometimes deteriorates upon taking damage. [potion of mutation]
 12263 | D:8      | Lost mutation: You are robust (+10% HP). [potion of mutation]
 12385 | D:8      | Found Etiliuju's Magic Scroll Shop.
 12391 | D:8      | Found Vontaez's Antique Armour Shoppe.
 12400 | D:8      | Bought a scroll of fear for 38 gold pieces
 12400 | D:8      | Bought a scroll of amnesia for 38 gold pieces
 12400 | D:8      | Bought a scroll of teleportation for 33 gold pieces
 12443 | D:8      | Reached * piety under Cheibriados
 12461 | D:8      | Found a sparkling altar of Nemelex Xobeh.
 12630 | D:8      | Found Rott's Magic Scroll Emporium.
 12832 | D:8      | Reached skill level 5 in Short Blades
 13226 | D:7      | Reached ** piety under Cheibriados
 13300 | D:7      | Found a shimmering altar of Xom.
 13302 | D:7      | Found an opulent altar of Gozag.
 13304 | D:7      | Found an iron altar of Okawaru.
 13304 | D:7      | Found a glowing golden altar of the Shining One.
 13305 | D:7      | Found an ancient bone altar of Kikubaaqudgha.
 13384 | D:7      | Gained mutation: You are agile. (Dex +2) [mutagenic meat]
 13385 | D:7      | Gained mutation: Your natural rate of healing is unusually fast. [mutagenic meat]
 13661 | D:7      | Reached skill level 7 in Short Blades
 13711 | D:7      | Found a deep blue altar of Sif Muna.
 13776 | D:8      | Reached XP level 10. HP: 74/74 MP: 12/16
 13841 | D:9      | Reached *** piety under Cheibriados
 13968 | D:9      | Found Mahiomn's Book Shop.
 14036 | D:9      | Reached skill level 8 in Short Blades
 14274 | D:9      | Reached **** piety under Cheibriados
 14501 | D:9      | Reached skill level 9 in Short Blades
 15098 | D:10     | Entered Level 10 of the Dungeon
 15189 | D:10     | Found a staircase to the Orcish Mines.
 15213 | D:10     | Noticed an eight-headed hydra
 15223 | D:10     | Killed an eight-headed hydra
 15223 | D:10     | Reached skill level 10 in Short Blades
 15447 | D:10     | Reached skill level 1 in Invocations
 15447 | D:10     | Reached skill level 1 in Evocations
 15593 | D:10     | Reached ***** piety under Cheibriados
 15739 | D:11     | Got a warped short sword
 15740 | D:11     | Identified the +8 short sword "Ejeag" {flame, Dex+3 Stlth+} (You found it on level 11 of the Dungeon)
 15748 | D:11     | Found an ancient bone altar of Kikubaaqudgha.
 15748 | D:11     | Noticed an oklob plant
 15796 | D:11     | Reached XP level 11. HP: 78/80 MP: 9/17
 15842 | D:11     | Noticed an unseen horror
 15862 | D:11     | Killed an unseen horror
 15915 | D:11     | Noticed a hill giant
 15931 | D:11     | Killed a hill giant
 15931 | D:11     | Reached skill level 11 in Short Blades
 16145 | D:11     | Reached skill level 12 in Short Blades
 16159 | D:11     | Noticed a hill giant
 16175 | D:11     | Killed a hill giant
 16212 | D:11     | Gained mutation: You possess an exceptional clarity of mind. [mutagenic meat]
 16213 | D:11     | Gained mutation: Your mind is acute. (Int +2) [mutagenic meat]
 16214 | D:11     | Gained mutation: Your spells are a little harder to cast, but a little more powerful. [mutagenic meat]
 16264 | D:11     | Found a staircase to the Lair.
 16380 | D:11     | Found Sehiviq's Gadget Shop.
 16406 | D:11     | Gained mutation: You evolve. [mutagenic meat]
 16408 | D:11     | Gained mutation: You can spit poison. [mutagenic meat]
 16631 | Lair:1   | Entered Level 1 of the Lair of Beasts
 16778 | Lair:1   | Reached skill level 5 in Spellcasting
 16987 | Lair:1   | Noticed a five-headed hydra
 17012 | Lair:1   | Killed a five-headed hydra
 17014 | Lair:1   | Reached skill level 5 in Dodging
 17018 | Lair:1   | Reached ****** piety under Cheibriados
 17113 | Lair:1   | Mutation became permanent: You have a pair of large antennae on your head (SInv). [demonic ancestry]
 17113 | Lair:1   | Reached XP level 12. HP: 89/89 MP: 19/19
 17551 | Lair:2   | Reached skill level 5 in Fighting
 17796 | Lair:2   | Noticed a five-headed hydra
 17810 | Lair:2   | Killed a five-headed hydra
 17885 | Lair:2   | Noticed a seven-headed hydra
 17893 | Lair:2   | Killed a seven-headed hydra
 17893 | Lair:2   | Reached skill level 5 in Invocations
 17942 | Lair:2   | Found a white marble altar of Elyvilon.
 18712 | Lair:3   | Noticed a four-headed hydra
 18721 | Lair:3   | Killed a four-headed hydra
 18854 | Lair:3   | Found a staircase to the Swamp.
 18897 | Lair:3   | Learned a level 2 spell: Repel Missiles
 19552 | Lair:3   | Reached skill level 5 in Evocations
 19688 | Lair:3   | Gained mutation: You regenerate health from kills. [demonic ancestry]
 19688 | Lair:3   | Reached XP level 13. HP: 83/99 MP: 21/23
 20100 | Lair:4   | Lost mutation: Your body sometimes deteriorates upon taking damage. [evolution]
 21122 | Lair:5   | Found a staircase to the Snake Pit.
 22114 | Lair:6   | Noticed Josephine
 22144 | Lair:6   | Killed Josephine
 22144 | Lair:6   | Gained mutation: You are robust (+10% HP). [demonic ancestry]
 22144 | Lair:6   | Reached XP level 14. HP: 92/121 MP: 21/26
 22559 | Lair:6   | Noticed Snorg
 22577 | Lair:6   | Killed Snorg
 22581 | Lair:6   | Reached skill level 10 in Invocations
 23065 | Lair:6   | Learned a level 2 spell: Blink
 23737 | Lair:7   | Identified a scroll of acquirement
 23738 | Lair:7   | Got a slimy lapis lazuli ring
 23740 | Lair:7   | Identified the ring "Rar Gon" {AC+1 Str+3 Slay+2 Stlth+} (You acquired it on level 7 of the Lair of Beasts)
 24108 | Lair:8   | Entered Level 8 of the Lair of Beasts
 24115 | Lair:8   | Found a staircase to the Slime Pits.
 24607 | Lair:8   | Found a runed door.
 25259 | Lair:8   | Reached XP level 15. HP: 132/132 MP: 28/28
 25680 | Orc:1    | Entered Level 1 of the Orcish Mines
 25693 | Orc:1    | Noticed Gastronok
 25718 | Orc:1    | Killed Gastronok
 26095 | Orc:2    | Found a dark tunnel.
 26104 | Volcano  | Entered a volcano
 26429 | Orc:2    | Reached skill level 10 in Fighting
 26710 | D:8      | Bought the amulet "Uvolokyph" {rMut MR+ Slay+2} for 793 gold pieces
 26710 | D:8      | Bought an uncursed ring of poison resistance for 260 gold pieces
 27393 | Orc:1    | Found a roughly hewn altar of Beogh.
 27983 | Orc:3    | Found Zytott's Food Boutique.
 28180 | Orc:4    | Entered Level 4 of the Orcish Mines
 28180 | Orc:4    | Found Datz's Gadget Shoppe.
 28184 | Orc:4    | Found Kearheu's Antique Weapon Emporium.
 28194 | Orc:4    | Found Cufue's Antique Armour Shoppe.
 28274 | Orc:4    | Found Oschet's Jewellery Emporium.
 28285 | Orc:4    | Found Gismiyse's Armour Shop.
 28286 | Orc:4    | Found a frozen archway.
 28327 | Orc:4    | Reached skill level 10 in Spellcasting
 28333 | IceCv    | Entered an ice cave
 28431 | IceCv    | Reached skill level 10 in Dodging
 28788 | Orc:4    | Found a staircase to the Elven Halls.
 28820 | Orc:4    | Found Xeyrphy's General Store.
 28872 | Orc:4    | Bought a scroll of blinking for 105 gold pieces
 28923 | Orc:4    | Reached skill level 10 in Evocations
 29002 | Orc:4    | Bought a +0 pair of boots for 63 gold pieces
 29017 | Orc:4    | Bought the ring of Capeuq {SustAt rPois Int+3 Dex+2 Stlth-} for 567 gold pieces
 29023 | Orc:4    | Bought an uncursed amulet of resist corrosion for 300 gold pieces
 29065 | Orc:4    | Bought an ancient hunting sling for 188 gold pieces
 29066 | Orc:4    | Identified the +8 hunting sling of Mandamus {velocity, +Fly Int+3} (You bought it in a shop on level 4 of the Orcish Mines)
 29093 | Orc:4    | Bought a pair of embroidered gloves for 139 gold pieces
 29142 | Orc:4    | Found Horioq's Armour Shoppe.
 29385 | Elf:1    | Entered Level 1 of the Elven Halls
 29529 | Elf:1    | Found Japikeg's General Store.
 29790 | Elf:1    | Noticed Roxanne
 29872 | Elf:1    | Killed Roxanne
 29910 | Elf:1    | Got an ancient lajatang {slice}
 29911 | Elf:1    | Identified the +5 lajatang "Beetle's Demise" {slice, *Confuse +Blink Stlth+} (You took it off a deep elf fighter on level 1 of the Elven Halls)
 29926 | Elf:1    | Learned a level 6 spell: Statue Form
 29949 | Elf:1    | Identified Ceju's Grimoire of Conjuration
 29979 | Elf:1    | Reached skill level 1 in Transmutations
 30098 | Elf:1    | Found an ancient bone altar of Kikubaaqudgha.
 30133 | Elf:1    | Reached skill level 1 in Earth Magic
 30343 | Elf:2    | Noticed Jorgrun
 30367 | Elf:2    | Killed Jorgrun
 30444 | Elf:2    | Gained mutation: Your flesh is cold resistant. [demonic ancestry]
 30444 | Elf:2    | Reached XP level 16. HP: 142/142 MP: 25/30
 30797 | Elf:2    | Found a huge runed gate.
 30797 | Elf:2    | Found a huge runed gate.
 30797 | Elf:2    | Found a huge runed gate.
 30797 | Elf:2    | Found a huge runed gate.
 30797 | Elf:2    | Found a huge runed gate.
 31128 | Elf:2    | Cast into the Abyss (a deep elf demonologist)
 31324 | Abyss:1  | Noticed a bone dragon
 31372 | Abyss:1  | Killed a bone dragon
 31403 | Abyss:1  | Noticed a tentacled starspawn
 31412 | Abyss:1  | Killed a tentacled starspawn
 31608 | Abyss:1  | Noticed a tentacled starspawn
 31610 | Abyss:1  | Learned a level 5 spell: Bolt of Draining
 31618 | Abyss:1  | Killed a tentacled starspawn
 31654 | Abyss:1  | Reached skill level 1 in Necromancy
 32062 | Abyss:1  | Noticed a tentacled starspawn
 32316 | Abyss:1  | Noticed a tentacled starspawn
 32338 | Abyss:1  | Killed a tentacled starspawn
 32477 | Abyss:1  | Noticed a lich
 32490 | Abyss:1  | Killed a lich
 32490 | Abyss:1  | Gained mutation: You are immune to freezing clouds. [demonic ancestry]
 32490 | Abyss:1  | Reached XP level 17. HP: 119/152 MP: 29/32
 32561 | Abyss:1  | Paralysed by accursed screaming for 1 turns
 32719 | Abyss:1  | Found a basalt altar of Yredelemnul.
 32887 | Abyss:1  | Paralysed by accursed screaming for 1 turns
 32928 | Abyss:1  | Got a pair of slimy boots
 32939 | Abyss:1  | Identified the -6 pair of boots of Ucwuel {rPois rC+ rN+} (You acquired it on level 1 of the Abyss)
 33047 | Abyss:1  | Reached skill level 5 in Necromancy
 33062 | Elf:2    | Escaped the Abyss
 33271 | Elf:2    | Reached skill level 5 in Conjurations
 33358 | Elf:2    | Noticed a deep elf blademaster
 33362 | Elf:2    | Killed a deep elf blademaster
 33759 | Elf:3    | Entered Level 3 of the Elven Halls
 33815 | Elf:3    | Cast into the Abyss (a deep elf sorcerer)
 33834 | Abyss:1  | Noticed a profane servitor
 33930 | Abyss:1  | Killed a profane servitor
 33999 | Elf:3    | Escaped the Abyss
 34142 | Elf:3    | Reached skill level 13 in Fighting
 34168 | Elf:3    | Gained mutation: You are very robust (+20% HP). [demonic ancestry]
 34168 | Elf:3    | Reached XP level 18. HP: 99/178 MP: 27/34
 34324 | Elf:3    | Lost mutation: You possess an exceptional clarity of mind. [evolution]
 34569 | Elf:3    | Found Dogoahux's Antique Weapon Shoppe.
 34577 | Elf:3    | Bought a blackened scimitar for 378 gold pieces
 34577 | Elf:3    | Identified the +6 scimitar of Visacked {speed, +Blink rC+} (You bought it in a shop on level 3 of the Elven Halls)
 34641 | Elf:3    | Gained mutation: Your body sometimes deteriorates upon taking damage. [a cacodemon]
 34749 | Elf:3    | Got a vibrating amber ring
 34934 | Elf:3    | Identified the ring "Jusyisot" {+Inv Str+3 Dex+2} (You took it off a deep elf death mage on level 3 of the Elven Halls)
 34943 | Elf:3    | Got a crude steel ring
 34944 | Elf:3    | Identified the ring of Midnight {Str+3 Stlth+} (You found it on level 3 of the Elven Halls)
 34998 | Elf:3    | Got a dazzling short sword
 34999 | Elf:3    | Identified the +2 short sword "Hirun" {pierce, +Blink rPois Stlth+} (You found it on level 3 of the Elven Halls)
 35011 | Elf:3    | Learned a level 6 spell: Deflect Missiles
 35038 | Elf:3    | Identified Xeicw's Handbook of the Escort
 35045 | Elf:3    | Learned a level 5 spell: Aura of Abjuration
 35059 | Elf:3    | Learned a level 6 spell: Freezing Cloud
 35064 | Elf:3    | Got a slimy pewter amulet
 35066 | Elf:3    | Identified the amulet "Qysont" {Gourm MR+ MP+9} (You found it on level 3 of the Elven Halls)
 35074 | Elf:3    | Got a wavering steel ring
 35075 | Elf:3    | Identified the ring of Awasobah {rElec rC+ Dex-3 Stlth-} (You found it on level 3 of the Elven Halls)
 35185 | Elf:3    | Noticed a Brimstone Fiend
 35187 | Elf:3    | Reached skill level 1 in Charms
 35229 | Elf:3    | Got a jewelled spear {antimagic}
 35230 | Elf:3    | Got a bloodstained leather armour
 35231 | Elf:3    | Identified the +3 spear "Feed" {antimagic, rC+ MP+9 Int-3 Dex+6} (You took it off a deep elf fighter on level 3 of the Elven Halls)
 35244 | Elf:3    | Identified the +1 leather armour of Quantum Leap {Dex+4} (You took it off a deep elf fighter on level 3 of the Elven Halls)
 35431 | Elf:3    | Got a smoking war axe {flame}
 35432 | Elf:3    | Identified the cursed +1 war axe of Xiekudgh {flame, rElec rN+ MP-9 Stlth+} (You took it off a deep elf death mage on level 3 of the Elven Halls)
 35462 | Elf:3    | Reached skill level 1 in Air Magic
 35647 | Orc:4    | Bought a lamp of fire for 720 gold pieces
 35952 | D:11     | Killed an oklob plant
 36040 | D:12     | Noticed Nessos
 36040 | D:12     | Noticed Frances
 36063 | D:11     | Killed Frances
 36098 | D:12     | Killed Nessos
 36315 | D:12     | Noticed Kirke
 36358 | D:12     | Killed Kirke
 36540 | D:12     | Found Zueziph's Antique Weapon Emporium.
 36540 | D:12     | Noticed Tomstefer's ghost (journeyman MiFi)
 36560 | D:12     | Killed Tomstefer's ghost
 37057 | D:13     | Found a gate to the Vaults.
 37618 | D:13     | Noticed Azrael
 37649 | D:13     | Killed Azrael
 37811 | D:13     | Found a shadowy altar of Dithmenos.
 38489 | D:15     | Entered Level 15 of the Dungeon
 38523 | D:15     | Reached XP level 19. HP: 172/187 MP: 8/36
 38668 | D:15     | Lost mutation: Your body sometimes deteriorates upon taking damage. [evolution]
 38713 | D:15     | Found a staircase to the Depths.
 38905 | D:15     | Noticed Rupert
 38917 | D:15     | Killed Rupert
 39087 | D:15     | Found a deep blue altar of Sif Muna.
 39412 | Swamp:1  | Entered Level 1 of the Swamp
 39989 | Swamp:1  | Reached skill level 5 in Air Magic
 40392 | Swamp:2  | Reached skill level 14 in Spellcasting
 41565 | Swamp:4  | Entered Level 4 of the Swamp
 42288 | Swamp:4  | Noticed the 27-headed Lernaean hydra
 42296 | Swamp:4  | Reached skill level 10 in Conjurations
 42296 | Swamp:4  | Killed the 27-headed Lernaean hydra
 42507 | Swamp:4  | Got a decaying rune of Zot
 42774 | D:12     | Bought a twisted great sword for 356 gold pieces
 42775 | D:12     | Identified the cursed +1 great sword of No Interval {slice, +Inv Int+3} (You bought it in a shop on level 12 of the Dungeon)
 43207 | Snake:1  | Entered Level 1 of the Snake Pit
 44012 | Snake:1  | Reached XP level 20. HP: 196/196 MP: 38/38
 44519 | Snake:2  | Found Jeac Tuo's Jewellery Shop.
 44534 | Snake:2  | Bought the ring "Soqyhy" {+Fly rElec Str+3} for 540 gold pieces
 44536 | Snake:2  | Bought a cursed ring of loudness for 76 gold pieces
 44998 | Snake:3  | Reached skill level 10 in Ice Magic
 45880 | Snake:3  | Reached skill level 15 in Spellcasting
 46234 | Snake:4  | Entered Level 4 of the Snake Pit
 46527 | Snake:4  | Gained mutation: You are completely covered in rugged brown scales (AC +3, +7% HP). [demonic ancestry]
 46527 | Snake:4  | Reached XP level 21. HP: 195/207 MP: 22/40
 46733 | Snake:4  | Noticed Vashnia
 46750 | Snake:4  | Killed Vashnia
 47161 | Snake:4  | Got a serpentine rune of Zot
 47217 | Snake:4  | Reached skill level 10 in Air Magic
 47778 | Vaults:1 | Entered Level 1 of the Vaults
 48238 | Vaults:1 | Reached skill level 16 in Spellcasting
 49510 | Vaults:2 | Gained mutation: You are extremely robust (+30% HP). [demonic ancestry]
 49510 | Vaults:2 | Reached XP level 22. HP: 162/232 MP: 7/42
 50333 | Vaults:2 | Noticed Boris
 50388 | Vaults:2 | Killed Boris
 51398 | Vaults:3 | Noticed Mennas
 51696 | Vaults:3 | Killed Mennas
 52096 | Vaults:3 | Found a staircase to the Crypt.
 52407 | Vaults:3 | Reached skill level 17 in Spellcasting
 52675 | Vaults:4 | Found Gusukh's Weapon Shop.
 52752 | Vaults:4 | Noticed Jory
 52831 | Vaults:4 | Killed Jory
 52976 | Vaults:4 | Reached XP level 23. HP: 178/241 MP: 10/44
 53813 | Vaults:5 | Entered Level 5 of the Vaults
 53856 | Vaults:5 | Reached skill level 15 in Conjurations
 54347 | Vaults:5 | Noticed an ancient lich
 54410 | Vaults:5 | Noticed an ancient lich
 54418 | Vaults:5 | Reached skill level 5 in Transmutations
 54487 | Vaults:5 | Killed an ancient lich
 54528 | Vaults:5 | Killed an ancient lich
 54768 | Vaults:5 | Reached skill level 10 in Necromancy
 55094 | Vaults:5 | Got a silver rune of Zot
 55231 | Vaults:5 | Gained mutation: A meltable icy envelope protects you from harm (AC +10). [demonic ancestry]
 55231 | Vaults:5 | Reached XP level 24. HP: 250/250 MP: 44/44
 55346 | Vaults:5 | Identified a +0 rod of clouds (3/9) (You took it off a tengu reaver on level 5 of the Vaults)
 55553 | Vaults:5 | Reached skill level 18 in Spellcasting
 55694 | Vaults:5 | Identified the Almanac of Mutagenic Conjuration
 55709 | Vaults:5 | Got a fine brass ring
 55710 | Vaults:5 | Identified the ring of Balance {Fire +Inv rPois rN+ Str-3} (You found it on level 5 of the Vaults)
 55720 | Vaults:5 | Got a twisted glaive {flame}
 55721 | Vaults:5 | Identified the +7 glaive "Jyperun" {flame, Str+7} (You took it off a deep elf death mage on level 5 of the Vaults)
 55727 | Vaults:5 | Identified the Incunabulum of Battle Magic and Weightlessness
 55802 | Vaults:5 | Got a steaming quarterstaff {crush}
 55803 | Vaults:5 | Identified the +4 quarterstaff of the Badger {crush, MR+ Int+5} (You took it off a tengu reaver on level 5 of the Vaults)
 56723 | D:9      | Bought a Necronomicon for 1214 gold pieces
 56733 | D:9      | Learned a level 8 spell: Necromutation
 57148 | Slime:1  | Entered Level 1 of the Pits of Slime
 57601 | Slime:3  | Noticed Dissolution
 58209 | Slime:3  | Killed Dissolution
 58209 | Slime:3  | Reached skill level 10 in Transmutations
 59354 | Slime:6  | Entered Level 6 of the Pits of Slime
 59739 | Slime:6  | Reached XP level 25. HP: 221/258 MP: 26/45
 59877 | Slime:6  | Noticed the royal jelly
 60251 | Slime:6  | Killed the royal jelly
 60419 | Slime:6  | Got a slimy rune of Zot
 60440 | Slime:6  | Got a brightly glowing broad axe
 60441 | Slime:6  | Identified the +7 broad axe of Regicide {chop, +Fly MP+9} (You found it on level 6 of the Pits of Slime)
 60528 | Slime:6  | Got a faintly humming steam dragon armour
 60529 | Slime:6  | Identified the +3 steam dragon armour "Ranil" {rElec rPois MP+9 Dex+2} (You found it on level 6 of the Pits of Slime)
 61119 | D:13     | Reached skill level 15 in Necromancy
 61250 | Crypt:1  | Entered Level 1 of the Crypt
 63046 | Crypt:1  | Identified Khufu's Papyrus of Dark Rites
 63053 | Crypt:1  | Learned a level 5 spell: Dispel Undead
 63342 | Crypt:2  | Got a pair of dazzling boots
 63343 | Crypt:2  | Identified the +0 pair of boots of Segumesh {rF- rC++ Regen+ Dex-4} (You acquired it on level 2 of the Crypt)
 63597 | Crypt:2  | Reached skill level 19 in Spellcasting
 63962 | Crypt:3  | Entered Level 3 of the Crypt
 64290 | Crypt:3  | Found a staircase to the Tomb.
 64641 | Crypt:3  | Found a basalt altar of Yredelemnul.
 64641 | Crypt:3  | Noticed an ancient lich
 64644 | Crypt:3  | Killed an ancient lich
 64694 | Crypt:3  | Identified the Papyrus of Unholy Rites
 65059 | Crypt:3  | Reached XP level 26. HP: 256/263 MP: 46/46
 66083 | Depths:1 | Entered Level 1 of the Depths
 66107 | Depths:1 | Noticed Mara
 66149 | Depths:1 | Noticed Miyamura's illusion
 66166 | Depths:1 | Found a flickering gateway to a bazaar.
 66178 | Depths:1 | Killed Mara
 66183 | Bazaar   | Entered a bazaar
 66185 | Bazaar   | Found Osiesap's Food Boutique.
 66189 | Bazaar   | Found Lothazim's Gadget Boutique.
 66189 | Bazaar   | Found Mamuaf's Antique Armour Boutique.
 66190 | Bazaar   | Found Wusch's Book Boutique.
 66205 | Bazaar   | Bought a pitted cloak for 266 gold pieces
 66205 | Bazaar   | Bought a fine robe for 159 gold pieces
 66216 | Bazaar   | Identified the +2 cloak of the Lies {rCorr Dex-2 Slay+3} (You bought it in a shop in a bazaar)
 66229 | Bazaar   | Identified the +1 robe of the Saviour {Regen+ Int-5 Slay+5 SInv} (You bought it in a shop in a bazaar)
 66262 | Bazaar   | Bought a book of the Tempests for 490 gold pieces
 66369 | Depths:1 | Found a portal to a secret trove of treasure.
 66405 | Depths:1 | You paid a toll of 2 potions of cure mutation to enter a treasure trove
 66406 | Trove    | Entered a treasure trove
 66431 | Trove    | Got a sparkling ivory ring
 66460 | Trove    | Identified the ring of Wioroan {rC+ rN+} (You found it in a treasure trove)
 66472 | Trove    | Got a heavily runed pewter ring
 66502 | Trove    | Identified the ring "Wibocack" {+Fly MP-9 Str+6 Dex+3 Stlth+} (You found it in a treasure trove)
 66508 | Trove    | Got a scintillating silver ring
 66510 | Trove    | Identified the ring "Lyomesh Ohua" {Wiz Str+4 Slay+2 Stlth+} (You found it in a treasure trove)
 66719 | Depths:1 | Found a shimmering altar of Xom.
 67262 | Depths:1 | Found a gateway to Hell.
 67514 | Depths:2 | Noticed Wiglaf
 67533 | Depths:2 | Killed Wiglaf
 67709 | Depths:2 | Found a gateway to a ziggurat.
 68071 | Depths:2 | Reached skill level 15 in Transmutations
 69490 | D:8      | Bought a scroll of acquirement for 572 gold pieces
 69490 | D:8      | Bought 2 scrolls of immolation for 77 gold pieces
 69969 | Depths:3 | Noticed the Enchantress
 69982 | Depths:3 | Killed the Enchantress
 70009 | Depths:3 | Got a faerie dragon armour
 70010 | Depths:3 | Identified the +0 faerie dragon armour {+Blink} (You took it off the Enchantress on level 3 of the Depths)
 70072 | Depths:3 | Noticed Norris
 70090 | Depths:3 | Killed Norris
 70100 | Depths:3 | Noticed Asterion
 70122 | Depths:3 | Killed Asterion
 70253 | Depths:3 | Found a one-way gate leading to the halls of Pandemonium.
 70473 | D:13     | Got a steaming long sword {freeze}
 70474 | D:13     | Identified the +10 long sword of Descent {freeze, rElec Str+3} (You took it off an orc on level 13 of the Dungeon)
 70692 | Vaults:4 | Reached skill level 1 in Shields
 71993 | Depths:3 | Reached skill level 5 in Shields
 71993 | Depths:3 | Gained mutation: You regenerate a lot of health from kills. [demonic ancestry]
 71993 | Depths:3 | Reached XP level 27. HP: 274/276 MP: 38/46
 72208 | Depths:3 | Reached skill level 1 in Long Blades
 72263 | Depths:3 | Got a brightly glowing hand axe {pain}
 72264 | Depths:3 | Identified the +2 hand axe "Tausenn" {pain, -Tele rElec rN+ Int+2} (You took it off a spriggan on level 3 of the Depths)
 72404 | Depths:3 | Noticed Boris
 72415 | Depths:3 | Killed Boris
 72415 | Depths:3 | Reached skill level 20 in Spellcasting
 72448 | Depths:3 | Reached skill level 5 in Long Blades
 72520 | Depths:3 | Got a warped halberd {flame}
 72521 | Depths:3 | Identified the cursed +0 halberd of Qivem {flame, *Corrode rElec rPois rF-} (You took it off a deep elf demonologist on level 3 of the Depths)
 72538 | Depths:3 | Got a scorched falchion
 72539 | Depths:3 | Identified the +8 falchion of Perversion {venom, rC+ MR+ Int-5} (You acquired it on level 3 of the Depths)
 72717 | Depths:3 | Identified the Volume of Changing
 73251 | Depths:4 | Reached skill level 10 in Long Blades
 73804 | Depths:4 | Found a one-way gate to the infinite horrors of the Abyss.
 73931 | Depths:5 | Entered Level 5 of the Depths
 74105 | Depths:5 | Noticed a juggernaut
 74126 | Depths:5 | Killed a juggernaut
 74280 | Depths:5 | Reached skill level 15 in Air Magic
 74281 | Depths:5 | Found a gate to the Realm of Zot.
 74902 | Zot:1    | Entered Level 1 of the Realm of Zot
 77512 | Zot:3    | Identified the Guide on Boosts
 78290 | Zot:3    | Reached skill level 21 in Air Magic
 79849 | Lair:1   | Learned a level 9 spell: Tornado
 79851 | Lair:1   | Gained mutation: You passively map a small area around you. [potion of beneficial mutation]
 80051 | Zig:1    | Entered Level 1 of a ziggurat
 80211 | Zig:2    | Entered Level 2 of a ziggurat
 80226 | Zig:2    | Reached skill level 22 in Air Magic
 80290 | Zig:3    | Entered Level 3 of a ziggurat
 80301 | Zig:3    | Got a fine ivory ring
 80322 | Zig:3    | Identified the cursed ring "Oblibliu" {Dex-3 Slay+5} (You found it on level 3 of a ziggurat)
 80329 | Zig:4    | Entered Level 4 of a ziggurat
 80356 | Zig:4    | Identified Khufu's Tome of Black Magic
 80361 | Zig:4    | Got a fine turquoise ring
 80365 | Zig:4    | Identified the ring of Zeotux {rElec rF+ Slay+3 SInv Stlth-} (You found it on level 4 of a ziggurat)
 80369 | Zig:5    | Entered Level 5 of a ziggurat
 80382 | Zig:5    | Got a smoking plate armour
 80393 | Zig:5    | Identified the +10 plate armour "Vehaps" {MP+9} (You found it on level 5 of a ziggurat)
 80407 | Zig:5    | Identified Lehudib's Incunabulum of Battle Magic
 80417 | Zig:6    | Entered Level 6 of a ziggurat
 80462 | Zig:7    | Entered Level 7 of a ziggurat
 80498 | Zig:7    | Got a bronze plate armour
 80509 | Zig:7    | Identified the +5 plate armour of the Lost Eyes {+Inv} (You found it on level 7 of a ziggurat)
 80526 | Zig:7    | Got a shimmering ruby amulet
 80529 | Zig:7    | Identified the amulet "Siunil" {Faith rElec rPois Str-5 Int+2} (You found it on level 7 of a ziggurat)
 80537 | Zig:8    | Entered Level 8 of a ziggurat
 80546 | Zig:8    | Reached skill level 23 in Air Magic
 80576 | Zig:8    | Got a faintly humming large shield
 80592 | Zig:8    | Identified the +12 large shield of the Beggar {Str+3} (You found it on level 8 of a ziggurat)
 80655 | Zig:8    | Got a pitted battleaxe
 80656 | Zig:8    | Identified the +4 battleaxe of Biaph {drain, -Tele rF+ rN+} (You found it on level 8 of a ziggurat)
 80671 | Zig:9    | Entered Level 9 of a ziggurat
 80790 | Zig:10   | Entered Level 10 of a ziggurat
 80817 | Zig:10   | Got a faintly glowing halberd
 80818 | Zig:10   | Identified the cursed +1 halberd "Beastslayer" {freeze, rPois rF+} (You found it on level 10 of a ziggurat)
 80828 | Zig:10   | Got a faintly glowing glaive
 80829 | Zig:10   | Identified the +9 glaive of Skirmishing {chop, rN+} (You found it on level 10 of a ziggurat)
 80848 | Zig:10   | Identified the Tome of Shape Shifting and Poisoning
 80856 | Zig:11   | Entered Level 11 of a ziggurat
 80916 | Zig:11   | Reached skill level 24 in Air Magic
 80919 | Zig:11   | Got a citrine-encrusted scale mail
 80930 | Zig:11   | Identified the +3 scale mail of Patience {MP+9} (You found it on level 11 of a ziggurat)
 80944 | Zig:11   | Got a dazzling trident
 80945 | Zig:11   | Identified the +8 trident of Nyrchaon {drain, rPois} (You found it on level 11 of a ziggurat)
 80957 | Zig:11   | Identified the Guide on Curses
 80962 | Zig:12   | Entered Level 12 of a ziggurat
 81013 | Zig:12   | Identified Lehudib's Disquisition on Fiery Confrontation (You found it on level 12 of a ziggurat)
 81018 | Zig:12   | Got a smoking iron ring
 81019 | Zig:12   | Identified the ring "Ilun" {+/*Tele rC+ rN+ Int+4} (You found it on level 12 of a ziggurat)
 81046 | Zig:13   | Entered Level 13 of a ziggurat
 81066 | Zig:13   | Reached skill level 1 in Polearms
 81068 | Zig:13   | Reached skill level 5 in Polearms
 81096 | Zig:13   | Identified Jyimeij's Collected Works on Damaging Malediction
 81100 | Zig:13   | Identified the Almanac of Dusty Malediction
 81103 | Zig:13   | Got a pearl-encrusted chain mail
 81114 | Zig:13   | Identified the +5 chain mail of the Cuttlefish {Slay+3} (You found it on level 13 of a ziggurat)
 81150 | Zig:13   | Gained mutation: You possess an exceptional clarity of mind. [potion of beneficial mutation]
 81210 | Zig:14   | Entered Level 14 of a ziggurat
 81219 | Zig:14   | Noticed an ancient lich
 81221 | Zig:14   | Noticed an ancient lich
 81225 | Zig:14   | Killed an ancient lich
 81225 | Zig:14   | Reached skill level 10 in Polearms
 81264 | Zig:14   | Killed an ancient lich
 81282 | Zig:14   | Gained mutation: You have large cloven feet. [potion of beneficial mutation]
 81350 | Zig:15   | Entered Level 15 of a ziggurat
 81366 | Zig:15   | Noticed Udeta the pandemonium lord
 81371 | Zig:15   | Reached skill level 5 in Armour
 81374 | Zig:15   | Killed Udeta the pandemonium lord
 81395 | Zig:15   | Got a shimmering copper amulet
 81396 | Zig:15   | Identified the amulet of the Will of the Gods {rN+ Regen+ Dex+2} (You found it on level 15 of a ziggurat)
 81401 | Zig:15   | Got a shimmering marble ring
 81403 | Zig:15   | Identified the ring of Crawling {rC+ Dex+4 Slay+6 SInv} (You found it on level 15 of a ziggurat)
 81420 | Zig:15   | Got a dazzling spear
 81421 | Zig:15   | Identified the +6 spear of Prudence {freeze, Str+4} (You found it on level 15 of a ziggurat)
 81433 | Zig:15   | Identified a +9 rod of the swarm (10/10) (You found it on level 15 of a ziggurat)
 81486 | Zig:16   | Entered Level 16 of a ziggurat
 81501 | Zig:16   | Reached skill level 10 in Armour
 81556 | Zig:16   | Got a jewelled mace
 81557 | Zig:16   | Identified the +9 mace of Death's Door {pain, MR+ Int+4} (You found it on level 16 of a ziggurat)
 81568 | Zig:16   | Identified the Handbook of Unholy Conjuration
 81634 | Zig:17   | Entered Level 17 of a ziggurat
 81727 | Zig:17   | Got a crude long sword
 81728 | Zig:17   | Identified the +5 long sword "Sesirghalits" {vamp, rC+ MR+} (You found it on level 17 of a ziggurat)
 81735 | Zig:17   | Identified Sif Muna's Collected Works on Black Arts and Translocation
 81783 | Zig:18   | Entered Level 18 of a ziggurat
 81884 | Zig:18   | Identified the Handbook of Battle Magic
 81956 | Zig:18   | Learned a level 9 spell: Glaciate
 81957 | Zig:19   | Entered Level 19 of a ziggurat
 81987 | Zig:19   | Reached skill level 15 in Armour
 82069 | Zig:19   | Got a smoking golden ring
 82070 | Zig:19   | Identified the cursed ring "Momutz" {rElec rF+ rN+ AC-2} (You found it on level 19 of a ziggurat)
 82080 | Zig:19   | Got an ancient plate armour
 82091 | Zig:19   | Identified the +10 plate armour of Freedom {Str+3 Dex+3 Slay+2} (You found it on level 19 of a ziggurat)
 82104 | Zig:19   | Got a smoking short sword
 82105 | Zig:19   | Identified the +5 short sword of Desperation {pierce, *Corrode Str+6} (You found it on level 19 of a ziggurat)
 82152 | Zig:20   | Entered Level 20 of a ziggurat
 82172 | Zig:20   | Reached skill level 10 in Shields
 82239 | Zig:20   | Got a steaming morningstar
 82240 | Zig:20   | Identified the +3 morningstar of Vorafic {speed, +Inv rF- SInv} (You found it on level 20 of a ziggurat)
 82277 | Zig:21   | Entered Level 21 of a ziggurat
 82289 | Zig:21   | Noticed an ancient lich
 82290 | Zig:21   | Noticed an ancient lich
 82292 | Zig:21   | Noticed an ancient lich
 82299 | Zig:21   | Killed an ancient lich
 82299 | Zig:21   | Killed an ancient lich
 82299 | Zig:21   | Reached skill level 15 in Evocations
 82300 | Zig:21   | Killed an ancient lich
 82305 | Zig:21   | Noticed an ancient lich
 82317 | Zig:21   | Killed an ancient lich
 82378 | Zig:21   | Got a slimy spear
 82379 | Zig:21   | Identified the +8 spear of the Coin {drain, Int+3} (You found it on level 21 of a ziggurat)
 82388 | Zig:21   | Got a twitching jade ring
 82389 | Zig:21   | Identified the ring of Qosuits {Ice *Contam +Blink rN+ Stlth+} (You found it on level 21 of a ziggurat)
 82450 | Zig:22   | Entered Level 22 of a ziggurat
 82473 | Zig:22   | Reached skill level 25 in Air Magic
 82485 | Zig:22   | Reached skill level 26 in Air Magic
 82507 | Zig:22   | Got a fine short sword
 82512 | Zig:22   | Identified the +5 short sword of Trial by Ordeal {pierce, rF+} (You found it on level 22 of a ziggurat)
 82534 | Zig:22   | Got a smoking double sword
 82535 | Zig:22   | Identified the +10 double sword of Sackasaesi {elec, +Blink rN+} (You found it on level 22 of a ziggurat)
 82544 | Zig:22   | Identified the Handbook of the Equator
 82548 | Zig:22   | Identified Lehudib's Handbook of Arcane Weapons
 82555 | Zig:22   | Identified Xilipots's Tome of Battle Magic and Heat
 82729 | Zig:23   | Entered Level 23 of a ziggurat
 82763 | Zig:23   | Reached skill level 27 in Air Magic
 82875 | Zig:24   | Entered Level 24 of a ziggurat
 82903 | Zig:24   | Reached skill level 15 in Shields
 83006 | Zig:24   | Got a faintly glowing flail
 83007 | Zig:24   | Identified the cursed +0 flail of the Forsaken Curses {vamp, rPois rF+ rC+ Int+3} (You found it on level 24 of a ziggurat)
 83015 | Zig:24   | Got a brightly glowing rapier
 83016 | Zig:24   | Identified the +3 rapier of Joyful Slaughter {speed, *Confuse +Fly rN+++ MR+} (You found it on level 24 of a ziggurat)
 83020 | Zig:24   | Got a transparent chain mail
 83031 | Zig:24   | Identified the +7 chain mail "Quoc" {rElec rF- Str+9} (You found it on level 24 of a ziggurat)
 83053 | Zig:24   | Got a faintly glowing plate armour
 83064 | Zig:24   | Identified the cursed +1 plate armour of Mumblety Peg {Int+4} (You found it on level 24 of a ziggurat)
 83078 | Zig:24   | Got a slimy brass ring
 83095 | Zig:24   | Identified the ring of Pimn {rF- MP+9 Str+4 Dex+3} (You found it on level 24 of a ziggurat)
 83100 | Zig:24   | Got a wavering platinum ring
 83101 | Zig:24   | Identified the ring "Wyreref" {+Inv Str-2 Int+6 Slay+5} (You found it on level 24 of a ziggurat)
 83134 | Zig:25   | Entered Level 25 of a ziggurat
 83200 | Zig:25   | Paralysed by a hornet for 2 turns
 83331 | Zig:25   | Got a bound granite ring
 83363 | Zig:25   | Identified the cursed ring of Pride {*Contam rElec rN+ Int+3 Dex-2} (You found it on level 25 of a ziggurat)
 83371 | Zig:25   | Got a crude mace
 83373 | Zig:25   | Identified the +6 mace of the Ghost {venom, rN+ SInv} (You found it on level 25 of a ziggurat)
 83554 | Zig:26   | Entered Level 26 of a ziggurat
 83818 | Zig:26   | Got a pitted ring mail
 83829 | Zig:26   | Identified the +5 ring mail "Yry Zon" {+Blink rElec} (You found it on level 26 of a ziggurat)
 83918 | Zig:27   | Entered Level 27 of a ziggurat
 84017 | Zig:27   | Got a translucent war axe
 84018 | Zig:27   | Identified the cursed +2 war axe of Beogh's Fury {flame, +Fly MP-9 Int+4} (You found it on level 27 of a ziggurat)
 84070 | Zig:27   | Got a twitching steel amulet
 84071 | Zig:27   | Identified the amulet "Vokoamp" {Gourm Str+4} (You found it on level 27 of a ziggurat)
 84497 | Lair:1   | Learned a level 4 spell: Condensation Shield
 84743 | Pan      | Entered Pandemonium
 84799 | Pan      | Noticed Baasi the pandemonium lord
 84803 | Pan      | Killed Baasi the pandemonium lord
 85158 | Pan      | Found an exit through the horrors of the Abyss.
 85651 | Pan      | Noticed Baplec the pandemonium lord
 85670 | Pan      | Killed Baplec the pandemonium lord
 85673 | Pan      | Got a pitted granite ring
 85674 | Pan      | Identified the ring "Komuug" {EV+3 Stlth+} (You found it in Pandemonium)
 85909 | Pan      | Found an exit through the horrors of the Abyss.
 86074 | Pan      | Reached skill level 15 in Long Blades
 86355 | Pan      | Noticed Guuhem the pandemonium lord
 86386 | Pan      | Killed Guuhem the pandemonium lord
 86654 | Pan      | Found an exit through the horrors of the Abyss.
 87006 | Pan      | Noticed Kicy the pandemonium lord
 87013 | Pan      | Killed Kicy the pandemonium lord
 87191 | Pan      | Found an exit through the horrors of the Abyss.
 87662 | Pan      | Found an exit through the horrors of the Abyss.
 87712 | Pan      | Noticed Lacvyj the pandemonium lord
 87722 | Pan      | Killed Lacvyj the pandemonium lord
 88415 | Pan      | Found an exit through the horrors of the Abyss.
 88438 | Pan      | Noticed Alaic the pandemonium lord
 88448 | Pan      | Killed Alaic the pandemonium lord
 88634 | Pan      | Got a fine spear {drain}
 88635 | Pan      | Identified the +11 spear "Miyamura's Curse" {drain, rElec rF+} (You took it off a warmonger in Pandemonium)
 89152 | Pan      | Found an exit through the horrors of the Abyss.
 89494 | Pan      | Found a huge runed gate.
 89495 | Pan      | Found a huge runed gate.
 89496 | Pan      | Found a huge runed gate.
 89496 | Pan      | Found a huge runed gate.
 89496 | Pan      | Found a huge runed gate.
 89496 | Pan      | Found a huge runed gate.
 89497 | Pan      | Found a huge runed gate.
 89497 | Pan      | Found a huge runed gate.
 89497 | Pan      | Found a huge runed gate.
 89497 | Pan      | Found a huge runed gate.
 89497 | Pan      | Found a huge runed gate.
 89497 | Pan      | Found a huge runed gate.
 89497 | Pan      | Found a huge runed gate.
 89498 | Pan      | Found a huge runed gate.
 89499 | Pan      | Found a huge runed gate.
 89500 | Pan      | Found a huge runed gate.
 89500 | Pan      | Found a huge runed gate.
 89803 | Pan      | Noticed Zudewoeh the pandemonium lord
 89815 | Pan      | Reached skill level 15 in Fighting
 89816 | Pan      | Killed Zudewoeh the pandemonium lord
 89842 | Pan      | Got a warped flail
 89843 | Pan      | Identified the +10 flail of Plague {pain, +Inv rElec Str-4 Dex+2} (You found it in Pandemonium)
 89947 | Pan      | Got a brightly glowing quarterstaff
 89948 | Pan      | Identified the +4 quarterstaff "Hell-Harrower" {distort, Str+4} (You found it in Pandemonium)
 90039 | Pan      | Found an exit through the horrors of the Abyss.
 90118 | Pan      | Noticed Hedib the pandemonium lord
 90160 | Pan      | Killed Hedib the pandemonium lord
 90688 | Pan      | Found an exit through the horrors of the Abyss.
 90957 | Pan      | Noticed Kael Atige the pandemonium lord
 90977 | Pan      | Killed Kael Atige the pandemonium lord
 91024 | Pan      | Got a demonic rune of Zot
 91080 | Pan      | Reached skill level 15 in Ice Magic
 92040 | Pan      | Noticed a seraph
 92058 | Pan      | Killed a seraph
 92248 | Pan      | Found a glowing golden altar of the Shining One.
 92400 | Pan      | Identified the Catalogue of Beguiling
 92586 | Pan      | Found a white marble altar of Elyvilon.
 92741 | Pan      | Found a glowing silver altar of Zin.
 93009 | Pan      | Got a shimmering large shield
 93010 | Pan      | Identified the cursed +0 large shield of the Orb Guardian {+Fly Str+4 Stlth+} (You took it off a daeva in Pandemonium)
 93244 | Pan      | Found a huge runed gate.
 93275 | Pan      | Noticed Ufawur the pandemonium lord
 93288 | Pan      | Killed Ufawur the pandemonium lord
 93464 | Pan      | Noticed Lupt the pandemonium lord
 93476 | Pan      | Killed Lupt the pandemonium lord
 93692 | Pan      | Found a runed door.
 93952 | Pan      | Noticed Etugh the pandemonium lord
 93977 | Pan      | Killed Etugh the pandemonium lord
 94387 | Pan      | Found an exit through the horrors of the Abyss.
 94480 | Pan      | Entered the realm of Gloorx Vloq.
 94837 | Pan      | Found an exit through the horrors of the Abyss.
 95066 | Pan      | Noticed Gloorx Vloq
 95104 | Pan      | Drew Focus: Int increased to 30, Str decreased to 8
 95131 | Pan      | Killed Gloorx Vloq
 95297 | Pan      | Got a dark rune of Zot
 95503 | Pan      | Noticed Pomugot the pandemonium lord
 95511 | Pan      | Killed Pomugot the pandemonium lord
 95716 | Pan      | Noticed Jizih the pandemonium lord
 95728 | Pan      | Killed Jizih the pandemonium lord
 95917 | Pan      | Entered the realm of Cerebov.
 96504 | Pan      | Found an exit through the horrors of the Abyss.
 96574 | Pan      | Noticed Cerebov
 96588 | Pan      | Killed Cerebov
 96607 | Pan      | Got a fiery rune of Zot
 96692 | Pan      | Got an ancient gossamer ring
 96693 | Pan      | Identified the ring "Tesuo" {rN++ MR+} (You took it off a balrug in Pandemonium)
 96695 | Pan      | Got a brightly glowing long sword {distort}
 96696 | Pan      | Identified the +8 long sword of Valiance {distort, rElec} (You took it off a balrug in Pandemonium)
 96697 | Pan      | Cast into the Abyss (a distortion unwield)
 96745 | Abyss:2  | Found a corrupted altar of Lugonu.
 96751 | Pan      | Escaped the Abyss
 96774 | Pan      | Got a dazzling spear {flame}
 96775 | Pan      | Identified the +10 spear of Honour {flame, Int+2 SInv} (You took it off a balrug in Pandemonium)
 96793 | Pan      | Got a twitching brass ring
 96794 | Pan      | Identified the ring of the Voivode {+/*Tele *Drain rC- Str+9} (You took it off a balrug in Pandemonium)
 96917 | Pan      | Found an exit through the horrors of the Abyss.
 96930 | Pan      | Entered the realm of Mnoleg.
 97075 | Pan      | Noticed Mnoleg
 97089 | Pan      | Killed Mnoleg
 97187 | Pan      | Got a glowing rune of Zot
 97421 | Pan      | Entered the realm of Lom Lobon.
 97421 | Pan      | Noticed Lom Lobon
 97426 | Pan      | Drowned

Action                   |  1- 3 |  4- 6 |  7- 9 | 10-12 | 13-15 | 16-18 | 19-21 | 22-24 | 25-27 || total
-------------------------+-------+-------+-------+-------+-------+-------+-------+-------+-------++-------
Melee: Unarmed           |   107 |   249 |   490 |       |       |       |       |       |       ||   846
       Dagger            |       |       |   230 |   297 |       |       |       |       |       ||   527
       Short sword       |       |       |       |   608 |  2221 |  2380 |  2021 |  2536 |  2502 || 12268
       Long sword        |       |       |       |       |       |       |       |       |  2370 ||  2370
       Spear             |       |       |       |       |       |       |       |       |  2839 ||  2839
       Double sword      |       |       |       |       |       |       |       |       |   696 ||   696
Throw: Tomahawk          |     1 |       |       |       |       |       |       |       |       ||     1
 Cast: Freeze            |    72 |    83 |   106 |       |       |       |       |       |       ||   261
       Ozocubu's Armour  |     5 |    18 |    52 |    29 |    42 |    39 |    33 |    43 |    71 ||   332
       Condensation Shie |       |       |    13 |    24 |    38 |    39 |    29 |    45 |    21 ||   209
       Summon Ice Beast  |       |       |     5 |     2 |       |       |       |       |       ||     7
       Repel Missiles    |       |       |       |     1 |       |     1 |       |       |       ||     2
       Bolt of Draining  |       |       |       |       |       |     4 |       |       |       ||     4
       Freezing Cloud    |       |       |       |       |       |     3 |   144 |   127 |   215 ||   489
       Blink             |       |       |       |       |       |       |    17 |       |    13 ||    30
       Deflect Missiles  |       |       |       |       |       |       |     3 |     8 |    19 ||    30
       Necromutation     |       |       |       |       |       |       |       |    14 |   542 ||   556
       Statue Form       |       |       |       |       |       |       |       |     1 |     1 ||     2
       Dispel Undead     |       |       |       |       |       |       |       |       |    40 ||    40
       Aura of Abjuratio |       |       |       |       |       |       |       |       |     1 ||     1
       Tornado           |       |       |       |       |       |       |       |       |   177 ||   177
       Glaciate          |       |       |       |       |       |       |       |       |    35 ||    35
Invok: Slouch            |       |       |       |       |    13 |    15 |       |     6 |    18 ||    52
       Bend Time         |       |       |       |       |     1 |       |       |       |       ||     1
       Temporal Distorti |       |       |       |       |       |       |     5 |     3 |    56 ||    64
 Abil: Evoke Flight      |       |       |       |     2 |       |       |       |       |     2 ||     4
       Evoke Teleportati |       |       |       |       |     1 |     2 |       |       |       ||     3
       End Transformatio |       |       |       |       |       |       |       |     2 |    14 ||    16
Evoke: Wand              |       |       |       |       |     5 |    16 |     3 |     3 |    14 ||    41
       Crystal ball of e |       |       |       |       |       |     1 |       |       |     1 ||     2
       Fan of gales      |       |       |       |       |       |       |       |     1 |     2 ||     3
       Disc of storms    |       |       |       |       |       |       |       |       |    18 ||    18
       Phantom mirror    |       |       |       |       |       |       |       |       |     6 ||     6
       Deck              |       |       |       |       |       |       |       |       |     1 ||     1
       Lamp of fire      |       |       |       |       |       |       |       |       |     1 ||     1
  Use: Scroll            |     1 |    10 |    13 |     6 |    11 |    14 |     8 |    16 |    92 ||   171
       Potion            |       |     7 |    12 |     2 |     3 |     2 |     1 |     8 |    25 ||    60
 Stab: Sleeping          |     4 |       |     9 |    17 |    52 |     7 |    18 |    16 |    27 ||   150
       Distracted        |       |       |     3 |     1 |     8 |     8 |     3 |     5 |    32 ||    60
       Confused          |       |       |       |       |     1 |       |       |       |     1 ||     2
       Petrified         |       |       |       |       |       |       |       |       |     2 ||     2
       Paralysed         |       |       |       |       |       |       |       |       |     1 ||     1
  Eat: Chunk             |     8 |    13 |    29 |    24 |    22 |    13 |       |     1 |       ||   110
       Pizza             |       |       |     1 |       |     2 |     1 |       |     1 |       ||     5
       Beef jerky        |       |       |     4 |       |       |     5 |       |     3 |       ||    12
       Fruit             |       |       |     1 |       |       |     1 |       |       |       ||     2
       Meat ration       |       |       |       |       |       |     1 |     7 |     5 |     3 ||    16
       Royal jelly       |       |       |       |       |       |       |     1 |       |     2 ||     3
       Bread ration      |       |       |       |       |       |       |       |       |     2 ||     2
